AoeStats
← Sire Girard la Truie

Nomad

506073226Analyzed
3v3 RM · 21d ago on Sep 12, 2026· 64m 4s· 6 players
Game mode
Random Map
Map size
210×210
Population
200
Speed
Normal
Resources
Standard
Victory
Conquest
Starting age
Dark Age
Ending age
Imperial Age
RankedLock teamsTeams togetherTeam positionsShared explorationLock speedFull tech treeHidden civsTurbo modeCheats
Victory
Defeat
🇫🇷 Khitans · France
1278
+20
🇫🇷 Koreans · France
1255
+21
🇫🇷 Wei · France
1252
+21
🇪🇸 Tatars · Spain
1419
-22
🇦🇺 Dravidians · Australia
1338
-20
🇧🇪 Romans · Belgium
1336
-20
GI
4:23 Loom
14:35 Feudal Age
20:20 Castle Age
18:57 Double-Bit Axe
19:57 Horse Collar
22:10 Bow Saw
23:40 Heavy Plow
24:01 Town Watch
24:36 Fletching
25:38 Wheelbarrow
35:43 Imperial Age
33:58 Hand Cart
34:58 Bodkin Arrow
35:49 Town Patrol
36:27 Gold Mining
36:41 Bracer
37:32 Padded Archer Armor
38:02 Stone Mining
40:26 Leather Archer Armor
41:25 Conscription
41:14 Thumb Ring
41:38 Ballistics
42:20 Chemistry
47:13 Hoardings
47:51 Husbandry
49:12 Ring Archer Armor
51:49 Elite Elephant Archer
58:25 Elite Skirmisher
Corpse Highlighter
5:15 Loom
14:07 Feudal Age
14:42 Town Watch
18:14 Castle Age
16:08 Gold Mining
16:06 Fishing Lines
16:15 Fishing Lines
18:03 Fletching
18:08 Double-Bit Axe
18:05 Horse Collar
19:48 Bodkin Arrow
24:35 Padded Archer Armor
25:01 Husbandry
26:51 Bloodlines
31:16 Ballistics
32:10 Wheelbarrow
PetsSs
5:33 Loom
12:35 Feudal Age
16:55 Castle Age
16:44 Double-Bit Axe
17:38 Demolition Ship
20:23 Medium Warships
23:52 Horse Collar
24:52 Wheelbarrow
25:31 Fletching
28:58 Scale Barding Armor
29:04 Forging
30:15 Chain Barding Armor
31:41 Iron Casting
31:18 Bloodlines
39:05 Imperial Age
36:45 Bodkin Arrow
38:59 Husbandry
39:08 Padded Archer Armor
40:21 Plate Barding Armor
40:48 Blast Furnace
39:10 Elite Skirmisher
40:19 Leather Archer Armor
41:05 Chemistry
40:32 Hand Cart
41:22 Ballistics
45:08 Herbal Medicine
47:22 Ring Archer Armor
46:43 Pikeman
47:23 Squires
47:57 Scale Mail Armor
48:19 Conscription
51:33 Man-at-Arms
53:05 Chain Mail Armor
52:13 Halberdier
56:49 Long Swordsman
58:21 Masonry
58:38 Legionary
KebabSpartiate
3:13 Loom
12:35 Feudal Age
13:18 Double-Bit Axe
18:31 Fletching
23:38 Castle Age
24:33 Medium Warships
24:19 Bodkin Arrow
26:43 Horse Collar
26:53 Crossbowman
28:26 Ballistics
29:37 Thumb Ring
36:15 Gold Mining
39:46 Imperial Age
40:11 Wheelbarrow
39:22 Town Watch
40:09 Heavy Plow
41:41 Chemistry
40:47 Bracer
42:08 Scale Mail Armor
42:27 Squires
42:38 Forging
42:06 Arbalester
44:20 Conscription
48:42 Pikeman
51:02 Elite Skirmisher
53:00 Elite Fire Lancer
56:32 Chain Mail Armor
56:52 Iron Casting
56:34 Scale Barding Armor
56:15 Heavy Rocket Cart
57:02 Light Cavalry
57:42 Husbandry
57:40 Hussar
58:55 Siege Engineers
60:08 Shinkichon
62:18 Chain Barding Armor
Sire Girard la Truie
3:16 Loom
13:32 Feudal Age
17:43 Castle Age
16:14 Stone Mining
16:48 Fletching
17:05 Double-Bit Axe
17:43 Horse Collar
19:20 Bodkin Arrow
23:10 Scale Barding Armor
24:46 Town Watch
25:29 Husbandry
26:43 Bloodlines
28:57 Fishing Lines
31:39 Devotion
33:37 Forging
35:32 Bow Saw
36:52 Heavy Plow
37:59 Wheelbarrow
37:06 Light Cavalry
37:56 Gillnets
38:26 Gold Mining
39:15 Stone Shaft Mining
39:04 Hand Cart
42:30 Imperial Age
40:35 Tuntian
42:35 Heavy Hei Guang Cavalry
43:38 Chain Barding Armor
43:55 Iron Casting
46:58 Conscription
47:24 Gold Shaft Mining
47:58 Ming Guang Armor
49:50 Elite Tiger Cavalry
55:56 Hussar
59:42 Town Patrol
Potimarron
4:11 Loom
12:18 Feudal Age
12:44 Double-Bit Axe
17:14 Domestication
19:57 Castle Age
20:49 Bow Saw
20:57 Forging
20:52 Scale Barding Armor
20:53 Husbandry
22:40 Iron Casting
30:06 Fletching
31:40 Pastoralism
32:54 Wheelbarrow
33:33 Ballistics
34:42 Heavy Cavalry Archer
37:09 Bodkin Arrow
39:26 Thumb Ring
40:43 Hand Cart
40:24 Elite Skirmisher
41:20 Padded Archer Armor
46:33 Imperial Age
44:07 Town Watch
45:52 Chain Barding Armor
46:41 Lamellar Armor
46:49 Heavy Camel Rider
49:31 Light Cavalry
51:36 Bracer
55:00 Leather Archer Armor
55:18 Conscription
55:11 Gold Mining
56:39 Chemistry
56:22 Caravan
57:24 Plate Barding Armor
56:52 Hussar
59:50 Two-Man Saw
59:24 Transhumance
60:01 Ring Archer Armor
61:47 Parthian Tactics
Connection lost

Rejoining the realm…

Still unreachable

The connection could not be restored.

Session expired

The server has moved on; the page needs a fresh start.